AoeStats
← sebojo

Arabia

508810170Analyzed
1v1 RM · 7d ago on Sep 24, 2026· 63m 56s· 2 players
Game mode
Random Map
Map size
Tiny (2 player)
Population
200
Speed
Normal
Resources
Standard
Victory
Conquest
Starting age
Dark Age
Ending age
Imperial Age
RankedLock teamsTeams togetherTeam positionsShared explorationLock speedFull tech treeHidden civsTurbo modeCheats
Victory
Defeat
🇦🇺 Teutons · Australia
314
+16
🇬🇧 Japanese · United Kingdom
311
-16
sebojo
13:42 Feudal Age
11:59 Loom
14:48 Double-Bit Axe
14:51 Town Watch
16:57 Wheelbarrow
16:30 Horse Collar
17:53 Stone Mining
18:02 Gold Mining
24:07 Fletching
24:18 Padded Archer Armor
24:29 Forging
26:29 Castle Age
27:26 Hand Cart
27:12 Town Patrol
27:27 Bow Saw
27:21 Heavy Plow
28:07 Gold Shaft Mining
28:31 Squires
28:16 Arson
30:08 Scale Mail Armor
31:56 Chain Mail Armor
33:56 Yasama
35:50 Ballistics
35:53 Treadmill Crane
37:20 Iron Casting
36:42 Bodkin Arrow
37:03 Leather Archer Armor
36:55 Scale Barding Armor
39:29 Masonry
39:19 Murder Holes
43:43 Imperial Age
44:47 Kataparuto
45:54 Parthian Tactics
44:50 Heavy Cavalry Archer
45:59 Elite Samurai
47:46 Ring Archer Armor
48:39 Chemistry
48:48 Chemistry
49:59 Two-Man Saw
55:40 Thumb Ring
LaBrioche41
9:01 Loom
12:38 Feudal Age
13:08 Double-Bit Axe
13:06 Horse Collar
13:25 Gold Mining
13:29 Stone Mining
17:49 Man-at-Arms
23:06 Wheelbarrow
23:20 Forging
23:11 Scale Mail Armor
23:17 Scale Barding Armor
23:29 Bloodlines
27:20 Castle Age
25:26 Fletching
29:30 Iron Casting
29:10 Chain Mail Armor
29:17 Chain Barding Armor
28:54 Bodkin Arrow
28:59 Padded Archer Armor
29:26 Hand Cart
29:16 Heavy Plow
29:41 Bow Saw
29:43 Crossbowman
29:45 Elite Skirmisher
29:49 Long Swordsman
30:14 Gambesons
33:22 Stone Shaft Mining
38:23 Leather Archer Armor
40:25 Squires
40:11 Arson
43:43 Fervor
46:27 Sanctity
50:08 Imperial Age
48:26 Ballistics
47:57 Heated Shot
48:20 Fortified Wall
48:29 Masonry
48:53 Ironclad
48:27 Pikeman
50:50 Heavy Mounted Crossbowman
50:54 Two-Handed Swordsman
52:40 Two-Man Saw
52:14 Crop Rotation
53:30 Chemistry
52:21 Arrowslits
52:43 Siege Engineers
52:35 Elite Teutonic Knight
53:52 Hoardings
53:42 Crenellations
53:47 Conscription
57:35 Plate Barding Armor
57:31 Plate Mail Armor
58:02 Blast Furnace
57:33 Ring Archer Armor
57:23 Block Printing
57:48 Theocracy
57:34 Heresy
57:17 Devotion
62:09 Champion
Connection lost

Rejoining the realm…

Still unreachable

The connection could not be restored.

Session expired

The server has moved on; the page needs a fresh start.